 Dungeon Crawl Stone Soup version 0.21.1-1-g345015f (webtiles) character file.

3013 prawnwizard the Cleaver (level 9, -3/81 HPs)
             Began as a Minotaur Berserker on June 30, 2018.
             Was an Elder of Trog.
             Killed from afar by a gargoyle (9 damage)
             ... with a stone arrow
             ... on level 8 of the Dungeon.
             The game lasted 00:10:19 (6885 turns).

prawnwizard the Cleaver (Minotaur Berserker)        Turns: 6885, Time: 00:10:19

Health: -3/81      AC: 15    Str: 25    XL:     9   Next: 55%
Magic:  8/8        EV: 10    Int:  4    God:    Trog [****..]
Gold:   293        SH:  0    Dex: 10    Spells: 8/8 levels left

rFire    . . .     SeeInvis .   s - +0 war axe
rCold    . . .     Gourm    .   (no shield)
rNeg     . . .     Faith    .   v - +0 plate armour
rPois    .         Spirit   .   d - +2 hat
rElec    .         Reflect  .   (no cloak)
rCorr    .         Harm     .   (no gloves)
MR       .....                  (no boots)
Stlth    ..........             (no amulet)
HPRegen  0.23/turn              (no ring)
MPRegen  0.11/turn              (no ring)

@: no status effects
A: retaliatory headbutt, horns 2
a: Berserk, Trog's Hand, Brothers in Arms, Burn Spellbooks, Renounce Religion


You were on level 8 of the Dungeon.
You worshipped Trog.
Trog was greatly pleased with you.
You were near starving.

You visited 1 branch of the dungeon, and saw 8 of its levels.

You collected 293 gold pieces.

Inventory:

Hand Weapons
 a - a +0 hand axe
 s - a +0 war axe (weapon)
Armour
 d - a +2 hat (worn)
 v - a +0 plate armour (worn)
Wands
 b - a wand of iceblast (9)
 o - a wand of digging (16)
 u - a wand of flame (21)
Scrolls
 g - 2 scrolls of teleportation
 h - 2 scrolls of remove curse
 i - 2 scrolls of enchant armour {unknown}
 n - 2 scrolls of amnesia {unknown}
 q - 5 scrolls of identify {unknown}
 r - 3 scrolls of fear {unknown}
 y - a scroll of vulnerability {unknown}
 B - a scroll of blinking {unknown}
Potions
 j - 5 potions of degeneration {unknown}
 k - a potion of ambrosia {unknown}
 l - 2 potions of brilliance {unknown}
 m - a potion of agility {unknown}
 p - a potion of heal wounds {unknown}
 t - a potion of flight {unknown}
 w - 2 potions of cancellation {unknown}
 x - 2 potions of lignification {unknown}
 z - a potion of haste {unknown}
 A - a potion of magic {unknown}
Comestibles
 c - 10 rations


   Skills:
 + Level 8.0 Fighting
 * Level 10.7 Axes
 + Level 7.5 Armour
 + Level 6.9 Dodging


You had 8 spell levels left.
You didn't know any spells.

Dungeon Overview and Level Annotations

Branches:
Dungeon (8/15)             Temple (0/1) D:4
   Lair: D:8-11

Altars:
Cheibriados
Dithmenos
Elyvilon
Makhleb
Qazlal
Ru
Zin

Shops:
D:6 :


Innate Abilities, Weirdness & Mutations

You reflexively headbutt those who attack you in melee.
You have a pair of horns on your head.


Message History

The gargoyle hits you with a mace!
* * * LOW HITPOINT WARNING * * *
You hit the gargoyle but do no damage.
The gargoyle is severely damaged.
The gargoyle hurls a stone arrow at you.
The stone arrow misses you.
Your plate armour prevents you from hitting the gargoyle.
The gargoyle is severely damaged.
The gargoyle hits you but does no damage.
You hit the gargoyle.
The gargoyle is almost destroyed.
You are near starving!
You hit the gargoyle but do no damage. Your headbutt misses the gargoyle.
The gargoyle is almost destroyed.
The gargoyle hits you but does no damage.
You hit the gargoyle but do no damage.
The gargoyle is almost destroyed.
The gargoyle hurls a stone arrow at you.
The stone arrow hits you!
You die...

#. #. #. .## #
<.# ##. #.#
#...#### #9#
#....<# #@#
#.#.##.# #.#
#..##.###.#
#........#
####...........
############


You could see a gargoyle.

Vanquished Creatures
  Pikel (D:7)
  A hippogriff (D:7)
  A hungry ghost (D:5)
  A water moccasin (D:7)
  2 ice beasts
  Duvessa (D:6)
  A sky beast (D:7)
  An orc warrior (D:6)
  A phantom (D:6)
  A necrophage (D:6)
  2 ogres
  A centaur (D:7)
  A big kobold (D:7)
  2 bullfrogs (D:6)
  Dowan (D:6)
  2 howler monkeys
  An electric eel (D:7)
  4 crimson imps
  2 hounds
  2 centaur skeletons
  A gnoll shaman (D:5)
  3 orc priests
  2 iguanas
  2 orc wizards
  4 worker ants
  A killer bee zombie (D:7)
  Robin (D:2)
  6 gnolls
  11 adders
  2 shadow imps
  3 oozes
  2 adder skeletons
  3 worms (D:2)
  7 dart slugs
  6 leopard geckos
  16 orcs
  5 bats
  8 giant cockroaches
  12 goblins
  8 hobgoblins
  12 jackals
  5 quokkas
  2 ball pythons
  A ball python skeleton (D:4)
  2 frilled lizards (D:1)
  A jackal skeleton (D:4)
  10 kobolds
  A quokka skeleton (D:5)
  5 rats
171 creatures vanquished.

Notes
Turn   | Place    | Note
-------+----------+-------------------------------------------
     0 | D:1      | prawnwizard the Minotaur Berserker began the quest for the Orb.
     0 | D:1      | Reached XP level 1. HP: 19/19 MP: 0/0
    94 | D:1      | Reached XP level 2. HP: 17/27 MP: 1/1
   208 | D:1      | Reached skill level 4 in Axes
   408 | D:1      | Reached XP level 3. HP: 32/33 MP: 2/2
   944 | D:2      | Reached ** piety under Trog
  1010 | D:2      | Reached XP level 4. HP: 17/40 MP: 3/3
  1295 | D:2      | Noticed Robin
  1302 | D:2      | Killed Robin
  1302 | D:2      | Reached skill level 5 in Axes
  1712 | D:2      | Reached XP level 5. HP: 47/47 MP: 4/4
  2606 | D:3      | Found a sacrificial altar of Ru.
  3069 | D:4      | Reached XP level 6. HP: 52/55 MP: 5/5
  3093 | D:4      | Found a shadowy altar of Dithmenos.
  3122 | D:4      | Reached skill level 6 in Axes
  3137 | D:4      | Reached *** piety under Trog
  3137 | D:4      | Reached skill level 5 in Fighting
  3227 | D:4      | Found a snail-covered altar of Cheibriados.
  3252 | D:4      | Found a staircase to the Ecumenical Temple.
  3533 | D:5      | Entered Level 5 of the Dungeon
  3533 | D:5      | Noticed a hungry ghost
  3554 | D:5      | Killed a hungry ghost
  3940 | D:5      | Reached XP level 7. HP: 50/61 MP: 6/6
  4142 | D:5      | Reached skill level 7 in Axes
  4306 | D:5      | Reached skill level 5 in Armour
  4452 | D:6      | HP: 2/93 [orc warrior/halberd (5)]
  4454 | D:6      | Reached skill level 5 in Dodging
  4454 | D:6      | Reached XP level 8. HP: 2/70 MP: 7/7
  4463 | D:6      | Reached skill level 8 in Axes
  4994 | D:6      | Reached **** piety under Trog
  5023 | D:6      | Found a glowing silver altar of Zin.
  5098 | D:6      | Found Fiajir's Book Boutique.
  5210 | D:6      | Noticed Duvessa
  5210 | D:6      | Noticed Dowan
  5225 | D:6      | Killed Dowan
  5231 | D:6      | Killed Duvessa
  5285 | D:6      | Reached skill level 9 in Axes
  5298 | D:6      | Found a burning altar of Makhleb.
  5298 | D:6      | Found a stormy altar of Qazlal.
  5472 | D:7      | Found a white marble altar of Elyvilon.
  5785 | D:7      | Noticed Pikel
  5799 | D:7      | Killed Pikel
  5799 | D:7      | Reached XP level 9. HP: 79/79 MP: 8/8
  5900 | D:7      | Reached skill level 10 in Axes
  6866 | D:8      | Noticed a gargoyle
  6880 | D:8      | HP: 4/81 [gargoyle/mace (9)]
  6885 | D:8      | Killed from afar by a gargoyle

Skill      XL: |  1  2  3  4  5  6  7  8  9 |
---------------+----------------------------+-----
Axes           | 4 5 6 7 9 10 | 10.7
Fighting       | 4 5 6 7 8 |  8.0
Armour         | 3 4 5 6 7 |  7.5
Dodging        | 3 4 5 6 |  6.9

Action                   |  1- 3 |  4- 6 |  7- 9 || total
-------------------------+-------+-------+-------++-------
Melee: Hand axe          |    80 |    82 |       ||   162
       Headbutt          |    10 |    31 |    41 ||    82
       War axe           |       |    49 |   250 ||   299
Invok: Berserk           |       |     1 |     1 ||     2
       Burn Spellbooks   |       |       |     1 ||     1
  Use: Scroll            |       |       |     5 ||     5
  Eat: Chunk             |       |     7 |     6 ||    13
       Ration            |       |     3 |     1 ||     4
Armor: Scale mail        |    44 |    38 |       ||    82
       Animal skin       |     2 |       |       ||     2
       Plate armour      |       |     3 |   140 ||   143
Dodge: Dodged            |    51 |    54 |   115 ||   220
